 Dungeon Crawl Stone Soup version 0.23-a0-677-g07611c5 (webtiles) character file.

130 MalarOregon the Poker (level 5, -7/41 HPs)
             Began as a Merfolk Gladiator on Jan 9, 2019.
             Mangled by Sigmund
             ... wielding a +0 scythe
              (11 damage)
             ... on level 3 of the Dungeon.
             The game lasted 00:09:58 (2277 turns).

MalarOregon the Poker (Merfolk Gladiator)           Turns: 2277, Time: 00:09:59

Health: -7/41      AC:  6    Str: 14    XL:     5   Next: 13%
Magic:  5/5        EV: 15    Int: 11    God:
Gold:   73         SH:  0    Dex: 15    Spells: 4/4 levels left

rFire    + + .     SeeInvis .   a - +0 trident
rCold    + . .     Gourm    .   (no shield)
rNeg     . . .     Faith    .   x - +2 robe {rC+ rF+}
rPois    .         Spirit   .   c - +0 helmet
rElec    .         Reflect  .   A - scarf {repulsion}
rCorr    .         Harm     .   (no gloves)
MR       .....                  l - +0 pair of boots
Stlth    +.........             (no amulet)
HPRegen  0.13/turn              i - ring of protection from fire
MPRegen  0.09/turn              s - +2 ring of intelligence

@: repel missiles
A: change form in water, swift swim, stealthy swim
a: no special abilities


You were on level 3 of the Dungeon.
You were not hungry.

You visited 1 branch of the dungeon, and saw 3 of its levels.

You collected 73 gold pieces.

Inventory:

Hand Weapons
 a - a +0 trident (weapon)
Missiles
 d - 3 throwing nets {!f}
 t - 32 stones (quivered)
Armour
 c - a +0 helmet (worn)
 l - a +0 pair of boots (worn)
   (You found it on level 1 of the Dungeon)
 x - a +2 robe of resistance (worn)
   (You took it off Jessica on level 2 of the Dungeon)
 A - a scarf of repulsion (worn)
   (You found it on level 3 of the Dungeon)
Jewellery
 i - a ring of protection from fire (left hand)
   (You found it on level 1 of the Dungeon)
 s - a +2 ring of intelligence (right hand)
   (You found it on level 2 of the Dungeon)
 u - an uncursed ring of poison resistance {unknown}
   (You found it on level 2 of the Dungeon)
 y - a cursed -4 ring of evasion {unknown}
   (You found it on level 2 of the Dungeon)
Scrolls
 h - a scroll of random uselessness {unknown}
 k - 2 scrolls of remove curse {unknown}
 m - 4 scrolls of identify {unknown}
 n - 2 scrolls of immolation {unknown}
 p - a scroll of amnesia {unknown}
 q - a scroll of teleportation {unknown}
 v - a scroll of blinking {unknown}
 w - a scroll of enchant weapon {unknown}
Potions
 b - a potion of agility {unknown}
 g - 2 potions of might {unknown}
 j - 2 potions of curing {unknown}
 o - a potion of heal wounds {unknown}
 r - a potion of resistance {unknown}
 z - a potion of ambrosia {unknown}
Comestibles
 e - 4 rations {!d}


   Skills:
 + Level 3.3 Fighting
 + Level 5.6 Polearms
 + Level 3.0 Throwing
 + Level 5.1 Dodging


You had 4 spell levels left.
You didn't know any spells.
Your spell library was empty.

Dungeon Overview and Level Annotations

Branches:
Dungeon (3/15)

Altars:
Xom

Annotations:
D:3 Sigmund


Message History

The bat barely misses you.
You bump into the rock wall.
The bat closely misses you. Sigmund closely misses you.
You're too confused to move!
The bat barely misses you.
You miss Sigmund. The bat closely misses you. Sigmund casts a spell at you.
The puff of flame is repelled.
Sigmund closely misses you. The bat closely misses you.
The bat barely misses you. Sigmund hits you with a +0 scythe.
You closely miss Sigmund. The bat closely misses you.
You bump into the rock wall.
You feel less confused. The bat hits you but does no damage.
Sigmund casts a spell at you. You resist with some effort.
You barely miss Sigmund. The bat hits you but does no damage.
Sigmund misses you.
You puncture Sigmund! The bat hits you but does no damage.
The bat closely misses you. Sigmund misses you.
You hit Sigmund. The bat barely misses you.
You hit Sigmund. The bat misses you. Sigmund hits you with a +0 scythe!
The bat barely misses you.
A jackal comes into view.
You closely miss Sigmund. The bat hits you but does no damage.
Sigmund mumbles some strange words.
Sigmund flickers and vanishes!
Deactivating autopickup; reactivate with Ctrl-A.
You closely miss something. The bat hits you but does no damage.
You hear some strange, mumbled words.
A magic dart appears from out of thin air!
The magic dart hits you!
* * * LOW HITPOINT WARNING * * *
You miss something. The bat barely misses you. Something hits you!
* * * LOW HITPOINT WARNING * * *
You barely miss something. The bat hits you.
* * * LOW HITPOINT WARNING * * *
Something hits you but does no damage.
You closely miss something. The bat closely misses you.
You miss something.
You hear some strange, mumbled words.
A puff of flame appears from out of thin air!
The puff of flame hits you! You resist. The bat closely misses you.
You closely miss something. The bat closely misses you. Something hits you!
* * * LOW HITPOINT WARNING * * *
The jackal barks!
You hit something but do no damage. The bat hits you but does no damage.
Something hits you!
You die...

♣......# ♣.....♣#
♣....♣♣ ♣.....♣# ♣
♣♣......# .
♣♣♣♣♣♣.......# #..
.............# #....
........♣♣...#####....#
........♣.)#..#.@.....#
..........###.#b.{(##.h.
..♣......#......###(..(
.♣♣♣....##..........##.#
## ###......#..#####
.....####.# ..... #>#
.### #.#### # #....##


You could see a jackal and a bat.

Vanquished Creatures
  Jessica (D:2)
  5 adders
  An ooze (D:1)
  5 worms
  3 leopard geckos
  4 giant cockroaches
  6 hobgoblins
  4 kobolds
  A ball python (D:2)
  4 goblins
  6 rats
40 creatures vanquished.

Notes
Turn   | Place    | Note
-------+----------+-------------------------------------------
     0 | D:1      | MalarOregon the Merfolk Gladiator began the quest for the
                  | Orb.
     0 | D:1      | Reached XP level 1. HP: 16/16 MP: 1/1
   304 | D:1      | Reached XP level 2. HP: 23/23 MP: 2/2
   737 | D:2      | Reached XP level 3. HP: 28/28 MP: 3/3
   765 | D:2      | Reached skill level 5 in Polearms
   975 | D:2      | Reached XP level 4. HP: 26/34 MP: 4/4
  1045 | D:2      | Noticed Jessica
  1054 | D:2      | Killed Jessica
  1180 | D:2      | Reached skill level 5 in Dodging
  1785 | D:2      | Found a shimmering altar of Xom.
  2005 | D:3      | Reached XP level 5. HP: 36/41 MP: 5/5
  2246 | D:3      | Noticed Sigmund
  2277 | D:3      | Mangled by Sigmund

Vault maps used:
D:1:      dpeg_arrival_erosion, serial_bayou_crossing
D:2:      chequers_serial_rivers_micro_a, minmay_misc_feat_iff,
          xom_teletrap_fun, uniq_jessica
D:3:      first_ration, kennysheep_decorative_pillar, uniq_sigmund

Skill      XL: |  1  2  3  4 |
---------------+-------------+-----
Polearms       | 5 |  5.6
Fighting       | 3 |  3.3
Dodging        | 5 |  5.1
Throwing       | 3 |  3.0

Action                   |  1- 3 |  4- 6 || total
-------------------------+-------+-------++-------
Melee: Trident           |    76 |    91 ||   167
       Tailslap          |     1 |       ||     1
Throw: Stone             |    14 |    35 ||    49
 Stab: Sleeping          |     4 |       ||     4
  Eat: Chunk             |       |     4 ||     4
Armor: Leather armour    |    16 |     7 ||    23
       Robe              |       |    14 ||    14
Dodge: Dodged            |    42 |    44 ||    86
       Deflected         |       |     1 ||     1

Table legend:
 A = Non-vault XP
 B = Vault XP
 C = Vault XP percentage of total XP
 D = Non-vault monster count
 E = Vault monster count
 F = Vault count percentage of total count
                 A         B        C        D         E       F
            +---------+---------+-------+---------+---------+-------
      Total |     149 |      37 |  19.9 |      39 |       1 |   2.5
            +---------+---------+-------+---------+---------+-------
        D:1 |      26 |       0 |   0.0 |      12 |       0 |   0.0
        D:2 |      88 |      37 |  29.6 |      22 |       1 |   4.3
        D:3 |      35 |       0 |   0.0 |       5 |       0 |   0.0
            +---------+---------+-------+---------+---------+-------
